 Dungeon Crawl Stone Soup version 0.31.0-32-g396128a36d (webtiles) character file.

Game seed: 11678229807326088469

112079 Fractals the Warrior (level 16, -4/226 HPs)
             Began as a Minotaur Berserker on Apr 9, 2024.
             Was the Champion of Trog.
             Killed from afar by a nagaraja (26 damage)
             ... with a poison arrow
             ... on level 2 of the Snake Pit on Apr 10, 2024.
             The game lasted 00:47:00 (19679 turns).

Fractals the Warrior (Minotaur Berserker)          Turns: 19679, Time: 00:47:00

Health: -4/226     AC: 30    Str: 34    XL:     16   Next: 10%
Magic:  15/15      EV: 14    Int:  4    God:    Trog [******]
Gold:   1231       SH: 16    Dex: 21    Spells: 15/15 levels left

rFire   . . .        u - +8 autumn katana {manifold assault}
rCold   . . .        O - +2 kite shield {AC+3}
rNeg    . . .        N - +3 plate armour
rPois   .            (helmet restricted)
rElec   .            y - +1 cloak
rCorr   .            G - +2 pair of gloves {Str+3}
SInv    .            A - +0 pair of boots
Will    ++...        D - amulet of regeneration Stlth
                     K - +6 ring of dexterity
HPRegen 1.37/turn    l - ring of Suspicion {Will+ Str+6}
MPRegen 0.14/turn

%: no passive effects
@: berserking, lethally poisoned (-4 -> -21), constricted, very quick
A: horns 2, retaliatory headbutt
a: Renounce Religion, Berserk, Trog's Hand, Brothers in Arms


You were on level 2 of the Snake Pit.
You worshipped Trog.
Trog was exalted by your worship.
You visited 3 branches of the dungeon, and saw 22 of its levels.

You collected 1312 gold pieces.
You spent 81 gold pieces at shops.

Inventory:

Hand Weapons
 q - a +6 broad axe of flaming
 u - the +8 autumn katana (weapon) {manifold assault}
   (You found it on level 12 of the Dungeon)
Missiles
 B - 7 throwing nets (quivered)
Armour
 f - a scarf of resistance
 y - a +1 cloak (worn)
 A - a +0 pair of boots (worn)
 G - a +2 pair of gloves of strength (worn)
 N - a +3 plate armour (worn)
 O - a +2 kite shield of protection (worn)
Jewellery
 l - the ring of Suspicion (right hand) {Will+ Str+6}
   (You found it on level 2 of the Dungeon)

   [ring of strength]

   Str+6:     It affects your strength (+6).
   Will+:     It increases your willpower.
 D - an amulet of regeneration (around neck)
 F - a ring of protection from cold
 K - a +6 ring of dexterity (left hand)
 M - a +6 ring of strength
Wands
 a - a wand of roots (19)
 d - a wand of quicksilver (5)
 j - a wand of paralysis (11)
 w - a wand of digging (5)
 I - a wand of flame (8)
 P - a wand of polymorph (7)
Scrolls
 e - 5 scrolls of identify
 g - 3 scrolls of poison
 m - a scroll of butterflies
 n - 2 scrolls of amnesia
 p - 4 scrolls of enchant weapon
 r - a scroll of fear
 v - a scroll of blinking
 x - a scroll of immolation
 E - 2 scrolls of revelation
 H - 3 scrolls of teleportation
 L - 2 scrolls of vulnerability
 Q - a scroll of silence
Potions
 b - 2 potions of cancellation
 c - 3 potions of enlightenment
 h - a potion of curing
 i - 5 potions of lignification
 k - a potion of berserk rage
 o - a potion of magic
 s - 5 potions of haste
 z - 2 potions of attraction
 J - 5 potions of heal wounds
 R - 2 potions of might
Miscellaneous
 t - a sack of spiders
 C - a phantom mirror


   Skills:
 - Level 16.2 Fighting
 + Level 5.4 Long Blades
 - Level 16.1 Axes
 - Level 14.8 Armour
 - Level 14.1 Dodging
 - Level 13.1 Shields
 - Level 8.0 Evocations


You had 15 spell levels left.
You didn't know any spells.
Your spell library was empty.

Dungeon Overview and Level Annotations

Branches:
Dungeon (15/15)            Temple (0/1) D:6            Lair (5/5) D:10
 Shoals (0/4) Lair:3        Snake (2/4) Lair:3        Slime (0/5) Lair:5
 Vaults (0/5) D:14         Depths (0/4) D:15
    Orc: D:9-12

Altars:
Cheibriados
Fedhas
Hepliaklqana
Makhleb
Qazlal
Sif Muna
Trog
Uskayaw
Vehumet
Wu Jian
The Shining One
Jiyva
Lugonu

Shops:
D:1 [(=!   D:2 ?   D:9 *   D:10 (

Portals:
Abyss: Lair:5

Annotations:
Lair:4 exclusion: oklob plant


Innate Abilities, Weirdness & Mutations

You have a pair of horns on your head.
You reflexively headbutt those who attack you in melee.


Message History

The nagaraja hits you with a +0 whip. The nagaraja constricts you.
You hit the nagaraja. Your headbutt misses the nagaraja.
The nagaraja is lightly wounded.
You feel very sick. You block the nagaraja's attack.
The nagaraja constricts you.
You feel better. You block the nagaraja's attack. The nagaraja constricts you.
The nagaraja spits poison at you. The splash of poison hits you!!
You are poisoned.
* * * LOW HITPOINT WARNING * * *
The nagaraja constricts you.
* * * LOW HITPOINT WARNING * * *
Your magical effects are unravelling.
You feel magically purged.
You are no longer firmly anchored in space.
You feel very sick.
The nagaraja hits you but does no damage.
The nagaraja constricts you.
You hit the nagaraja.
The nagaraja is lightly wounded.
You feel very sick. You block the nagaraja's attack.
The nagaraja constricts you. The nagaraja hits you with a +0 whip!
* * * LOW HITPOINT WARNING * * *
The nagaraja constricts you.
You feel better. The nagaraja spits poison at you.
The splash of poison misses you. The nagaraja constricts you.
* * * LOW HITPOINT WARNING * * *
Unknown command.
A red film seems to cover your vision as you go berserk!
You feel yourself moving faster!
You feel mighty! The nagaraja hits you with a +0 whip.
* * * LOW HITPOINT WARNING * * *
The nagaraja constricts you.
* * * LOW HITPOINT WARNING * * *
The nagaraja casts a spell at you. The poison arrow hits you!!
You are poisoned.
You die...

####... ######......
#######...##......
###...............)#
#...#..##...#.......
#..<..##########.).#
#..<### #.).# ##..#
####. #.@# ###[. #N)#
#.... #.... ##...#
#..... #....# #......
##....# .......#
#####...|.#
#.......###.........#
#...######.....#.....
#.......##..


You could see a nagaraja (fast).

Vanquished Creatures
  Jorgrun (Snake:2)
  A nagaraja (Snake:1)
  A stone giant (D:15)
  Harold (Lair:1)
  7 hydras
  4 anacondas
  2 naga warriors (Snake:1)
  5 centaur warriors (D:14)
  3 boulder beetles
  A tengu warrior (D:13)
  4 two-headed ogres
  21 death yaks
  A naga sharpshooter (Snake:2)
  4 thrashing horrors (Lair:5)
  A skyshark (Lair:5)
  2 salamander mystics (Snake:2)
  5 skeletal warriors (D:12)
  The ghost of Eolas the Destroyer, a novice DECj of Sif Muna (D:10)
  A deep troll (Lair:1)
  A naga ritualist (Snake:2)
  A lindwurm (Lair:5)
  3 orc knights
  A necromancer (D:14)
  16 ugly things
  3 cyclopes
  5 salamanders
  3 manticores
  A large abomination (Lair:5)
  2 guardian serpents
  3 naga magi (Snake:2)
  19 black mambas
  11 elephants
  Maggie (D:7)
  13 cane toads
  2 torpor snails
  A rime drake (Lair:5)
  A freezing wraith (D:15)
  A kobold demonologist (D:10)
  5 komodo dragons
  4 trolls
  2 polar bears
  A polar bear (shapeshifter) (Lair:5)
  2 burning bushes (Lair:2)
  A wind drake (Lair:3)
  A hornet (D:9)
  Grinder (D:3)
  A raiju (Lair:5)
  49 blink frogs
  7 dream sheep
  9 slime creatures
  A centaur simulacrum (D:14)
  2 wyverns (Lair:2)
  A wraith (D:10)
  3 water elementals
  A spriggan (Lair:5)
  2 ynoxinuls (Lair:5)
  5 basilisks
  59 yaks
  2 steam dragons
  4 vampire mosquitoes (D:15)
  8 nagas
  2 acid dragons
  4 chaos spawn (Lair:5)
  17 water moccasins
  3 black bears
  8 orc warriors
  3 ice beasts
  2 sky beasts
  3 boggarts (D:15)
  An ogre (D:6)
  11 small abominations (Lair:5)
  8 wolves
  8 centaurs
  2 phantoms (D:6)
  21 kobold brigands
  17 bullfrogs
  A gnoll sergeant (D:10)
  4 scorpions
  13 wights
  13 killer bees
  4 howler monkeys
  6 electric eels
  A bombardier beetle (D:5)
  2 jellies
  A gnoll bouda (D:5)
  3 orc priests
  3 hounds
  3 sleepcaps
  Natasha (thrice) (D:4)
  Terence (D:3)
  2 iguanas
  10 orc wizards
  6 adders
  8 gnolls
  A shadow imp (D:8)
  A white imp (D:4)
  5 ufetubi (D:6)
  2 dart slugs
  3 ribbon worms
  34 orcs
  7 ball pythons
  9 endoplasms
  6 giant cockroaches
  11 goblins
  9 hobgoblins
  7 jackals
  5 quokkas
  3 bats
  2 frilled lizards (D:3)
  19 kobolds
  3 rats
646 creatures vanquished.

Vanquished Creatures (collateral kills)
  A hydra (Lair:5)
  An elephant (Lair:5)
  A black mamba (Lair:4)
  A smoke demon (Lair:5)
  2 blink frogs
  A ynoxinul (Lair:5)
  3 yaks (Lair:4)
  2 small abominations (Lair:5)
  A wolf (Lair:4)
13 creatures vanquished.

Vanquished Creatures (others)
  2 ufetubi (D:6)
2 creatures vanquished.

Grand Total: 661 creatures vanquished

Notes
Turn   | Place    | Note
-------+----------+-------------------------------------------
     0 | D:1      | Fractals the Minotaur Berserker began the quest for the
                  | Orb.
     0 | D:1      | Reached XP level 1. HP: 19/19 MP: 0/0
   115 | D:1      | Reached XP level 2. HP: 27/27 MP: 1/1
   175 | D:1      | Found Esojuv's Jewellery Emporium.
   187 | D:1      | Found Xyaronk's Distillery.
   203 | D:1      | Bought a potion of curing for 36 gold pieces
   235 | D:1      | Found Rutethro's Armour Boutique.
   260 | D:1      | Found Uhoalek's Antique Weapon Shoppe.
   427 | D:1      | Reached ** piety under Trog
   429 | D:1      | Reached XP level 3. HP: 33/33 MP: 2/2
   665 | D:2      | Identified the ring of Suspicion {Will+ Str+6}
   908 | D:2      | Found The Oracle's Delphic Readings.
   987 | D:2      | Found a bloodstained altar of Trog.
  1137 | D:3      | Noticed Grinder
  1238 | D:3      | Killed Grinder
  1239 | D:3      | Reached skill level 5 in Armour
  1239 | D:3      | Reached XP level 4. HP: 11/44 MP: 3/3
  1239 | D:3      | Reached XP level 5. HP: 13/50 MP: 4/4
  1387 | D:3      | Found a hazy altar of Hepliaklqana.
  1427 | D:3      | Found a shimmering blue altar of Sif Muna.
  1442 | D:3      | Reached XP level 6. HP: 52/57 MP: 5/5
  1616 | D:3      | Noticed Terence
  1619 | D:3      | Killed Terence
  1665 | D:3      | Reached *** piety under Trog
  1778 | D:3      | Identified the +4 falchion of Laibrit {heavy, rPois rF-
                  | Str+3 Int+4}
  2297 | D:4      | Identified the +2 ring mail "Ogy Yla" {+Inv rPois Str-4}
  2549 | D:4      | Noticed Natasha
  2559 | D:4      | Killed Natasha
  2623 | D:4      | Noticed Natasha
  2630 | D:4      | Killed Natasha
  2633 | D:4      | Reached XP level 7. HP: 66/66 MP: 6/6
  2668 | D:4      | Found an ornate altar of the Wu Jian Council.
  2731 | D:4      | Noticed Natasha
  2735 | D:4      | Killed Natasha
  2847 | D:4      | Reached skill level 5 in Axes
  3032 | D:5      | Entered Level 5 of the Dungeon
  3116 | D:5      | Reached **** piety under Trog
  3547 | D:5      | Reached XP level 8. HP: 78/78 MP: 7/7
  3750 | D:5      | Found a stormy altar of Qazlal.
  3936 | D:6      | Reached skill level 10 in Fighting
  4574 | D:6      | Found a staircase to the Ecumenical Temple.
  4826 | D:6      | Reached XP level 9. HP: 83/90 MP: 8/8
  5438 | D:7      | Found a snail-covered altar of Cheibriados.
  5449 | D:7      | Found a hide-covered altar of Uskayaw.
  5449 | D:7      | Found a glowing golden altar of the Shining One.
  5461 | D:7      | Found a burning altar of Makhleb.
  5465 | D:7      | Found a radiant altar of Vehumet.
  5682 | D:7      | Noticed Maggie
  5698 | D:7      | Killed Maggie
  6549 | D:8      | Reached ***** piety under Trog
  6600 | D:8      | Noticed a troll
  6604 | D:8      | Killed a troll
  6953 | D:8      | Reached skill level 1 in Evocations
  6953 | D:8      | Reached XP level 10. HP: 99/102 MP: 9/9
  7183 | D:9      | Noticed a two-headed ogre
  7205 | D:9      | Killed a two-headed ogre
  7411 | D:9      | Paralysed by a hornet for 3 turns
  7597 | D:9      | Reached skill level 15 in Fighting
  7708 | D:9      | Reached skill level 5 in Evocations
  8013 | D:9      | Found Monual's Neck Hole.
  8023 | D:9      | Bought a +0 cloak for 45 gold pieces
  8296 | D:10     | Entered Level 10 of the Dungeon
  8338 | D:10     | Found a staircase to the Lair.
  8493 | D:10     | Received a gift from Trog
  8500 | D:10     | Reached XP level 11. HP: 99/114 MP: 10/10
  8507 | D:10     | Found a runed translucent gate.
  8507 | D:10     | Found a runed translucent gate.
  8532 | D:10     | Reached skill level 5 in Dodging
  8619 | D:10     | Found Edet's Antique Weapon Boutique.
  8719 | D:10     | Reached skill level 1 in Shields
  8837 | D:10     | Found a runed translucent gate.
  8837 | D:10     | Noticed a ten-headed hydra
  8837 | D:10     | Noticed Eolas's ghost (novice DECj)
  8995 | Lair:1   | Entered Level 1 of the Lair of Beasts
  9012 | Lair:1   | Reached skill level 5 in Shields
  9070 | Lair:1   | Noticed Harold
  9078 | Lair:1   | Killed Harold
  9253 | Lair:1   | Noticed an eight-headed hydra
  9261 | Lair:1   | Killed a four-headed hydra
  9974 | Lair:1   | Noticed a deep troll
  9982 | Lair:1   | Killed a deep troll
 10147 | Lair:2   | Reached XP level 12. HP: 121/122 MP: 11/11
 10184 | Lair:2   | Reached skill level 10 in Axes
 10436 | Lair:2   | Reached skill level 10 in Shields
 10446 | Lair:2   | Noticed a six-headed hydra
 10453 | Lair:2   | Killed a three-headed hydra
 10977 | Lair:3   | Found a staircase to the Snake Pit.
 11191 | Lair:3   | Reached XP level 13. HP: 118/129 MP: 12/12
 11222 | Lair:3   | Found a gate leading to a gauntlet.
 11337 | Lair:3   | Reached ****** piety under Trog
 11541 | Lair:3   | Found a staircase to the Shoals.
 11608 | Lair:3   | Received a gift from Trog
 12396 | Lair:4   | Reached skill level 15 in Axes
 12577 | Lair:4   | Found a blossoming altar of Fedhas.
 12744 | Lair:5   | Entered Level 5 of the Lair of Beasts
 12950 | Lair:5   | Reached XP level 14. HP: 45/137 MP: 13/13
 13373 | Lair:5   | Reached skill level 10 in Dodging
 13400 | Lair:5   | Reached skill level 10 in Armour
 13490 | Lair:5   | Received a gift from Trog
 13560 | Lair:5   | Found a corrupted altar of Lugonu.
 13560 | Lair:5   | Found a one-way gate to the infinite horrors of the Abyss.
 14079 | Lair:5   | Found a viscous altar of Jiyva.
 14079 | Lair:5   | Found a staircase to the Slime Pits.
 14540 | D:10     | Killed Eolas's ghost
 14664 | D:11     | You fall into a shaft and drop 3 floors!
 15633 | D:14     | Reached XP level 15. HP: 137/144 MP: 14/14
 15654 | D:14     | Found a gate to the Vaults.
 16136 | D:15     | Entered Level 15 of the Dungeon
 16188 | D:15     | Found a staircase to the Depths.
 16432 | D:15     | Received a gift from Trog
 17668 | D:12     | Found the +8 autumn katana {manifold assault}
 18071 | Snake:1  | Entered Level 1 of the Snake Pit
 18240 | Snake:1  | Noticed a nagaraja
 18250 | Snake:1  | Killed a nagaraja
 18250 | Snake:1  | Received a gift from Trog
 19079 | Snake:2  | Reached skill level 1 in Long Blades
 19249 | Snake:2  | Reached XP level 16. HP: 151/151 MP: 15/15
 19420 | Snake:2  | Noticed Jorgrun
 19437 | Snake:2  | Killed Jorgrun
 19438 | Snake:2  | Reached skill level 5 in Long Blades
 19679 | Snake:2  | Killed from afar by a nagaraja

Illustrated notes

Levels and vault maps discovered:
D:1:      shiori_arrival_elements, layout_rooms, serial_shops, shop,
          nicolae_shop_tiny_statue_garden, shop, nicolae_shop_back_alley_shop,
          dreamdust_mushroom_princess
D:2:      layout_rooms, basic_altar, nicolae_nh_oracle_at_delphi
D:3:      layout_basic, mainiacjoe_overflow_catch_the_wave, uniq_grinder,
          uniq_terence
D:4:      layout_basic, nicolae_wu_jian_immortal_techniques, uniq_natasha
D:5:      minmay_spotlight, layout_loops_ring, nicolae_qazlal_eye_of_the_storm
D:6:      layout_basic, lemuel_temple_firewalk_b, minmay_circle_x
D:7:      layout_loops_ring, minmay_overflow_temple_star_hex,
          minmay_misc_feat_doors, item_on_display_a, uniq_maggie
D:8:      layout_loops_cross, kennysheep_potato
D:9:      layout_long_grid, dreamdust_princess_corridor,
          nicolae_shop_sticking_my_neck_out
D:10:     layout_basic, lair_entry_dummy, serial_shops,
          nicolae_shop_just_a_little_nook, special_room [special_room_kobold],
          gammafunk_ghost_hydra_chop
D:11:     layout_gridville, erik_orc_1
D:12:     layout_gridville, serial_bayou_lake_a
D:13:     layout_cave_pods
D:14:     layout_long_grid, david_vaults_1, infiniplex_staircase_diamond,
          kennysheep_flooded_box, hangedman_decor_growths
D:15:     grunt_enter_depths_giant_problem, layout_basic,
          minmay_misc_feat_secret_circle, serial_co_window_serial,
          co_window_paths_b, co_window_corner_a, co_window_paths_b,
          co_window_cross_1, co_window_paths_b, co_window_corner_b,
          co_window_cross_4, co_window_corner_b, co_window_of_opportunity_b
Lair:1:   dreamdust_cave_troll, layout_hall_layers, serial_bayou_shore_b,
          uniq_harold
Lair:2:   layout_roguey, chequers_serial_rivers_micro_b, evilmike_ambush
          [evilmike_ambush_outer_doors, evilmike_ambush_inner_basic],
          infiniplex_staircase_pool
Lair:3:   layout_hall_layers, minmay_shoals_entry_beasts,
          minmay_snake_entry_six_corridors, gauntlet_entry_generic
Lair:4:   layout_big_grid, tgw_fedhas
Lair:5:   hellmonk_lair_end_abyssal_woods, layout_layer_cave, slime_entry_1,
          serial_bayou_shore_b
Snake:1:  layout_onion
Snake:2:  layout_misc_corridors, nicolae_shop_i_like_small_books_too,
          uniq_jorgrun

Skill      XL: |  1  2  3  4  5  6  7  8  9 10 11 12 13 14 15 16 |
---------------+-------------------------------------------------+-----
Axes           | 4 5 6 9 12 15 16 | 16.1
Fighting       | 4 6 7 9 11 13 15 16 | 16.2
Armour         | 3 5 6 9 12 14 | 14.8
Dodging        | 3 4 5 8 12 14 | 14.1
Evocations     | 1 5 7 8 |  8.0
Shields        | 8 12 13 | 13.1
Long Blades    | 3 5 |  5.4

Action                     |  1- 3 |  4- 6 |  7- 9 | 10-12 | 13-15 | 16-18 || total
---------------------------+-------+-------+-------+-------+-------+-------++-------
  Melee: Hand axe          |   108 |   103 |   173 |       |       |       ||   384
         Headbutt          |    18 |    13 |    58 |   105 |   176 |    18 ||   388
         Punch             |     1 |       |     3 |     2 |       |       ||     6
         War axe           |       |       |    91 |   140 |       |       ||   231
         Broad axe         |       |       |       |   293 |   767 |    11 ||  1071
         Katana            |       |       |       |       |     8 |    52 ||    60
 Invoke: Berserk           |     2 |     2 |     3 |     2 |     3 |     1 ||    13
         Trog's Hand       |       |       |       |     3 |     1 |       ||     4
         Brothers in Arms  |       |       |       |       |     3 |       ||     3
  Evoke: Wand              |       |       |       |       |     6 |     1 ||     7
    Use: Scroll            |     2 |     1 |     5 |     9 |    11 |       ||    28
         Potion            |       |       |     1 |     5 |     5 |     3 ||    14
   Stab: Sleeping          |     1 |       |       |       |       |       ||     1
         Distracted        |       |       |       |       |     1 |       ||     1
 Armour: Animal skin       |     7 |       |       |       |       |       ||     7
         Scale mail        |    58 |    63 |    98 |       |       |       ||   219
         Chain mail        |       |       |   140 |   126 |       |       ||   266
         Plate armour      |       |       |       |   365 |   498 |    46 ||   909
         Skin              |       |       |       |       |     6 |       ||     6
  Dodge: Dodged            |    61 |    64 |   156 |   218 |   338 |    19 ||   856
  Block: Buckler           |       |       |       |   137 |   344 |       ||   481
         Kite shield       |       |       |       |       |    76 |    42 ||   118
